 Dungeon Crawl Stone Soup version 0.26-a0-753-g4680b4fa2e (webtiles) character file.

Game seed: 8955949665087165228

50 2tc the Sneak (level 3, -4/14 HPs)
             Began as a Felid Venom Mage on Nov 7, 2020.
             Slain by a bullfrog (7 damage)
             ... on level 2 of the Dungeon.
             The game lasted 00:08:45 (2812 turns).

2tc the Sneak (Felid Venom Mage)                    Turns: 2812, Time: 00:08:46

Health: -4/14      AC:  1    Str:  4    XL:     3   Next: 55%
Magic:  5/7        EV: 18    Int: 17    God:
Gold:   75         SH:  0    Dex: 16    Spells: 5/6 levels left
                                        Lives:  0   Deaths: 0

rFire    . . .     SeeInvis +   (weapon unavailable)
rCold    . . .     Faith    .   (shield unavailable)
rNeg     . . .     Spirit   .   (armour unavailable)
rPois    .         Reflect  .   (helmet unavailable)
rElec    .         Harm     .   (cloak unavailable)
rCorr    .         Rampage  .   (gloves unavailable)
MR       .....                  (boots unavailable)
Stlth    +++.......             (no amulet)
HPRegen  0.04/turn              f - ring of wizardry
MPRegen  0.10/turn              (no ring)

@: quick
A: very small, no armour, no weapons or thrown items, stealth, claws 1, fangs 3,
see invisible, speed 1, shaggy fur 1, sharp paws
a: no special abilities


You were on level 2 of the Dungeon.
You visited 1 branch of the dungeon, and saw 2 of its levels.

You collected 75 gold pieces.

Inventory:

Jewellery
 a - an uncursed amulet of regeneration
 f - a ring of wizardry (left paw)
Scrolls
 d - 2 scrolls of fog
Potions
 b - 2 potions of lignification
 e - a potion of degeneration {unknown}


   Skills:
 - Level 2.6 Dodging
 * Level 4.1 Stealth
 + Level 0.4 Unarmed Combat
 - Level 2.0 Spellcasting
 - Level 1.1 Transmutations
 - Level 3.5 Poison Magic


You had 5 spell levels left.
You knew the following spells:

 Your Spells              Type           Power        Failure   Level
a - Sting                 Tmut/Pois      #...         3%          1

Your spell library contained the following spells:

 Spells                   Type           Power        Failure   Level
 Poisonous Vapours        Pois/Air       #.....       6%          2
 Ignite Poison            Fire/Tmut/Pois #.......     12%         3
 Mephitic Cloud           Conj/Pois/Air  #.......     14%         3
 Olgreb's Toxic Radiance  Pois           ##......     17%         4


Dungeon Overview and Level Annotations

Branches:
Dungeon (2/15)

Altars:

Annotations:
D:2 1 runed translucent door, Crazy Yiuf


Innate Abilities, Weirdness & Mutations

You cannot wear armour.
You are incapable of wielding weapons or throwing items.
Your paws allow you to move quietly. (Stealth)
You have sharp claws.
You have razor-sharp teeth.
You have supernaturally acute eyesight. (SInv)
You cover ground quickly.
You are covered in fur. (AC +1)
Your sharp claws are effective at attacking unaware monsters.


Message History

* * * LOW HITPOINT WARNING * * *
The bullfrog hits you.
* * * LOW HITPOINT WARNING * * *
The bullfrog looks more healthy.
It was a potion of curing.
You feel better. The bullfrog closely misses you. The bullfrog hits you.
* * * LOW HITPOINT WARNING * * *
The bullfrog releases a deep croak.
Okay, then.
The bullfrog completely misses you.
Casting: Sting (safe; 3% risk of failure)
Confirm with . or Enter, or press ? or * to list all spells.
Aiming: Sting (safe; 3% risk of failure)
Press: ? - help, Shift-Dir - straight line, f/p - bullfrog
Aim: a bullfrog (almost dead)
The sting hits the bullfrog.
The bullfrog is poisoned.
The bullfrog is almost dead.
The bullfrog hits you!
Ouch! That really hurt!
You die...

..## ### ##.##
##.#.###.#### ###
####.# ##.#.## ### #
#....# ##.#.## #
###.#..####.#.## #
#...#...##.#.## #
#.#######.#.## ### #
#...# ##.#.## ##.## #
###(###†#.## ##.#.##
#.##.#@## ##.#.#.##
###.#F##.#
##.#...#.##
#.#.##.#.##(.[)##.#.#
##.#.##.#...#.##.#†##
##.#.##.#.#.##.#.##
##.#.##.#.##.#.##
##.#.##.##.#.##
##.#.###.#.##
##.#.#.#.##


You could see a bullfrog (poisoned).

Vanquished Creatures
  An ooze (D:1)
  2 dart slugs (D:1)
  A leopard gecko (D:2)
  3 bats (D:1)
  2 giant cockroaches
  3 goblins (D:1)
  4 hobgoblins (D:1)
  10 jackals
  3 frilled lizards (D:1)
  4 kobolds
  5 rats
38 creatures vanquished.

Notes
Turn   | Place    | Note
-------+----------+-------------------------------------------
     0 | D:1      | 2tc the Felid Venom Mage began the quest for the Orb.
     0 | D:1      | Reached XP level 1. HP: 7/7 MP: 4/4
   436 | D:1      | Reached skill level 3 in Stealth
   508 | D:1      | Reached XP level 2. HP: 8/11 MP: 4/6
  1161 | D:1      | Reached XP level 3. HP: 14/14 MP: 4/7
  2082 | D:2      | Reached skill level 4 in Stealth
  2627 | D:2      | Found a runed translucent door.
  2628 | D:2      | Noticed Crazy Yiuf
  2782 | D:2      | Noticed a bullfrog
  2812 | D:2      | Slain by a bullfrog

Illustrated notes

Levels and vault maps discovered:
D:1:      dpeg_arrival_chambers_temple_mockup, layout_loops_ring
D:2:      minmay_inner_zag, layout_loops_ring, grunt_decor_junction,
          corexii_hall_statues_x, uniq_crazy_yiuf_cottage

Skill      XL: |  1  2  3 |
---------------+----------+-----
Stealth        | 3 4 |  4.1
Poison Magic   | 3 |  3.5
Dodging        | |  2.6
Unarmed Combat | |  0.4
Spellcasting   | |  2.0
Transmutations | |  1.1

Action                   || total
-------------------------++-------
Melee: Unarmed           ||    58
       Bite              ||     1
       Punch             ||     1
 Cast: Sting             ||    49
  Use: Scroll            ||     6
       Potion            ||     1
 Stab: Sleeping          ||     7
Armor: Skin              ||     3
Dodge: Dodged            ||    70

Table legend: (Time is in decaauts)
 A = Elapsed time spent in this place.
 B = Non-inter-level travel time spent in this place.
 C = Inter-level travel time spent in this place.
 D = Time resting spent in this place.
 E = Time spent auto-exploring this place.
 F = Levels seen in this place.
 G = Mean time per level.
                   A        B        C        D        E       F      G
               +--------+--------+--------+--------+--------+-----+--------+
         Total |   2519 |   2477 |     42 |   1183 |    887 |   2 | 1259.5 |
       Dungeon |   2519 |   2477 |     42 |   1183 |    887 |   2 | 1259.5 |
               +--------+--------+--------+--------+--------+-----+--------+

Top non-repeatable levels by time:
     D:1: 1740 daAuts
     D:2: 778 daAuts
